Map: Blackburn LE

Players

PattyMac

  • Race: Protoss Protoss

Scarlett - Winner!

  • Race: Zerg Zerg

Event: DreamHack SC2 Masters 2021 Winter

VOD

Have the link to the VOD?

Description

Time

  • Played on: Oct. 7, 2021, 4:52 p.m.
  • Length: 6:25

All games in this series

Show
View Real Time Build Order
Export as new Build Order

PattyMac Protoss 

Build Orders: 1 Gate Expand 

Get SALT Encoding   

  12  0:00  Probe  
  13  0:13  Pylon  
  13  0:17  Probe (Chrono Boost)  
  14  0:27  Probe (Chrono Boost)  
  15  0:32  Probe (Chrono Boost)  
  16  0:41  Gateway  
  16  0:43  Probe  
  16  0:49  Assimilator  
  17  0:55  Probe  
  18  1:07  Probe  
  19  1:20  Probe  
  20  1:26  Nexus  
  20  1:35  Cybernetics Core  
  20  1:38  Probe  
  21  1:45  Assimilator  
  21  1:51  Probe  
  22  1:55  Pylon  
  22  2:03  Probe (Chrono Boost)  
  23  2:10  Adept (Chrono Boost)  
  23  2:15  Probe (Chrono Boost)  
  26  2:22  Probe (Chrono Boost), Stargate  
  27  2:28  Warp Gate  
  27  2:30  Probe (Chrono Boost)  
  27  2:33  Adept  
  30  2:38  Probe (Chrono Boost)  
  32  2:47  Probe x2 (Chrono Boost)  
  33  2:54  Probe  
  33  2:55  Probe  
  33  2:57  Void Ray (Chrono Boost)  
  35  3:06  Probe  
  35  3:07  Probe  
  35  3:09  Pylon  
  41  3:16  Gateway  
  41  3:18  Probe  
  42  3:22  Probe  
  43  3:27  Void Ray (Chrono Boost)  
  43  3:30  Probe  
  49  3:34  Probe  
  50  3:49  Twilight Council  
  50  3:53  Nexus  
  49  3:58  Pylon  
  49  4:06  Probe  
  49  4:08  Robotics Facility  
  49  4:23  Assimilator  
  49  4:24  Charge (Chrono Boost)  
  49  4:30  Gateway x2  
  49  4:33  Gateway  
  49  4:35  Gateway  
  49  4:37  Gateway  
  49  4:40  Gateway  
  49  4:47  Zealot  
  49  4:52  Warp Prism (Chrono Boost)  
  53  5:01  Sentry  
  55  5:08  Probe  
  55  5:12  Sentry  
  58  5:19  Pylon  
  58  5:24  Zealot  
  60  5:39  Zealot x3  
  60  5:40  Zealot x4  
  74  5:43  Zealot, Pylon  
  76  6:03  Zealot x2  
  76  6:04  Zealot x5  
  62  6:13  Probe  
Show
View Real Time Build Order
Export as new Build Order

Scarlett Zerg - Winner!

Build Orders: Hatch First 

Get SALT Encoding   

  12  0:00  Drone  
  13  0:12  Overlord  
  13  0:16  Drone  
  14  0:30  Drone x2  
  16  0:43  Drone  
  17  0:51  Hatchery  
  17  0:55  Drone  
  17  0:59  Drone  
  18  1:08  Extractor  
  17  1:13  Spawning Pool  
  17  1:16  Drone  
  17  1:20  Drone  
  18  1:28  Drone  
  19  1:39  Drone  
  20  1:49  Overlord  
  20  1:59  Queen  
  22  2:03  Drone, Queen  
  22  2:04  Zergling x2  
  26  2:10  Drone  
  26  2:12  Metabolic Boost  
  26  2:13  Drone  
  28  2:21  Drone  
  29  2:25  Drone  
  30  2:33  Zergling x2  
  30  2:35  Drone  
  32  2:38  Queen  
  34  2:47  Overlord  
  34  2:51  Hatchery  
  33  2:54  Drone  
  33  2:58  Drone  
  35  2:59  Overlord  
  35  3:08  Drone x4  
  35  3:10  Drone  
  40  3:13  Overlord  
  40  3:21  Drone  
  40  3:22  Drone x3  
  40  3:25  Queen  
  46  3:30  Overlord  
  46  3:39  Queen  
  46  3:40  Drone x2  
  50  3:48  Drone x4  
  54  3:53  Drone  
  54  3:54  Drone x3  
  58  4:05  Drone x3, Queen  
  58  4:09  Drone, Spore Crawler  
  63  4:14  Queen  
  65  4:18  Drone x3  
  65  4:20  Extractor  
  65  4:21  Drone x3  
  70  4:25  Roach Warren  
  70  4:28  Drone  
  70  4:29  Lair  
  70  4:32  Drone x3, Extractor  
  72  4:40  Overlord x2  
  71  4:48  Zergling x2  
  71  4:49  Zergling x2, Overlord  
  73  4:55  Overlord x2  
  73  4:58  Drone  
  74  5:01  Drone x7  
  80  5:07  Overlord  
  80  5:10  Extractor  
  80  5:11  Queen, Overlord  
  80  5:12  Queen  
  83  5:16  Roach  
  83  5:17  Roach x3  
  83  5:21  Roach, Extractor  
  93  5:27  Roach x3  
  98  5:34  Roach x7  
  111  5:41  Zergling x2  
  112  5:48  Zergling x2, Roach x3  
  119  5:53  Roach  
  121  6:01  Roach x5  
  121  6:03  Ravager  
  127  6:05  Zergling x4, Roach  
  123  6:18  Ravager  

Tags
 
Add a new tag
Caveats
  • Supply blocks, unpowered buildings, or Contaminate may cause inaccurate times.
  • Supply counts are checked every 10 seconds.